 Dungeon Crawl Stone Soup version 0.22-b1-21-g5cfc168 (webtiles) character file.

102 tyranidshit the Skirmisher (level 4, -8/40 HPs)
             Began as a Demonspawn Abyssal Knight on Aug 3, 2018.
             Was a Believer of Lugonu.
             Mangled by a gnoll
             ... wielding a +0 halberd
              (11 damage)
             ... on level 3 of the Dungeon.
             The game lasted 00:03:13 (1741 turns).

tyranidshit the Skirmisher (DsAK)                   Turns: 1741, Time: 00:03:13

Health: -8/40      AC:  8    Str: 13    XL:     4   Next: 50%
Magic:  5/5        EV:  9    Int: 13    God:    Lugonu [**....]
Gold:   78         SH:  0    Dex: 13    Spells: 3/3 levels left

rFire    . . .     SeeInvis .   a - +1 hand axe
rCold    . . .     Gourm    .   (no shield)
rNeg     . . .     Faith    .   e - +0 scale mail
rPois    .         Spirit   .   (no helmet)
rElec    .         Reflect  .   j - +0 cloak
rCorr    .         Harm     .   (no gloves)
MR       +....                  (no boots)
Stlth    +.........             (no amulet)
HPRegen  0.13/turn              d - ring of protection from magic
MPRegen  0.09/turn              (no ring)

@: no status effects
A: rugged brown scales 1, nightstalker 1
a: Depart the Abyss, Bend Space, Renounce Religion


You were on level 3 of the Dungeon.
You worshipped Lugonu.
Lugonu was pleased with you.
You were not hungry.

You visited 1 branch of the dungeon, and saw 3 of its levels.
You visited the Abyss 1 time.

You collected 78 gold pieces.

Inventory:

Hand Weapons
 a - a +1 hand axe (weapon)
Armour
 b - a +0 leather armour
 e - a +0 scale mail (worn)
 j - a +0 cloak (worn)
Jewellery
 d - a ring of protection from magic (left hand)
Scrolls
 f - 2 scrolls of teleportation
Potions
 h - 2 potions of cancellation
Comestibles
 c - 8 rations


   Skills:
 + Level 5.3 Fighting
 - Level 1.7 Axes
 - Level 1.7 Armour
 - Level 0.8 Dodging
 - Level 2.4 Invocations


You had 3 spell levels left.
You didn't know any spells.
Your spell library was empty.

Dungeon Overview and Level Annotations

Branches:
Dungeon (3/15)

Altars:
Cheibriados
Gozag
Trog
Vehumet


Innate Abilities, Weirdness & Mutations

You are partially covered in rugged brown scales. (AC +1, +3% HP)
You are slightly more attuned to the shadows.


Message History

You hit the gnoll.
You kill the gnoll!
Lugonu accepts your kill.
The gnoll hits you from afar with a halberd.
The gnoll closely misses you.
The gnoll hits you from afar with a spear.
You see here a club.
You hit the gnoll but do no damage.
The gnoll hits you but does no damage. x2
You hit the gnoll but do no damage.
The gnoll hits you from afar with a spear.
The gnoll hits you with a halberd.
* * * LOW HITPOINT WARNING * * *
You hit the gnoll but do no damage. The gnoll barely misses you.
The gnoll closely misses you.
The gnoll hits you from afar with a spear!
* * * LOW HITPOINT WARNING * * *
You hit the gnoll.
The gnoll is moderately wounded.
The gnoll hits you with a halberd!
You die...

.# #.. #.# #.# #.#
#######.# . ....gg@.#
# .. #######)###.#..#
#. #.........# #.
##.####...######. #.#
#.......†).. #.#
#....###..†.
#######.###....###.##.
..................)##.
#######.####.#.######.


You could see 2 gnolls.

Vanquished Creatures
  A gnoll (D:3)
  2 adders
  2 oozes
  2 worms
  5 dart slugs
  2 leopard geckos
  2 ball pythons
  2 giant cockroaches (D:1)
  4 goblins
  9 hobgoblins
  4 kobolds
  6 bats
  3 frilled lizards
  5 rats
49 creatures vanquished.

Notes
Turn   | Place    | Note
-------+----------+-------------------------------------------
     0 | Abyss:1  | tyranidshit the Demonspawn Abyssal Knight began the quest for the Orb.
     0 | Abyss:1  | Reached XP level 1. HP: 18/18 MP: 2/2
   115 | Abyss:1  | Noticed a small abomination
   127 | D:1      | Escaped the Abyss
   182 | D:1      | Gained mutation: You are partially covered in rugged brown scales. (AC +1, +3% HP) [demonic ancestry]
   182 | D:1      | Reached XP level 2. HP: 14/24 MP: 3/3
   238 | D:1      | Reached * piety under Lugonu
   400 | D:1      | Reached skill level 4 in Fighting
   544 | D:1      | Reached XP level 3. HP: 23/30 MP: 4/4
  1221 | D:2      | Found a radiant altar of Vehumet.
  1510 | D:3      | Found a bloodstained altar of Trog.
  1511 | D:3      | Found a snail-covered altar of Cheibriados.
  1512 | D:3      | Found an opulent altar of Gozag.
  1525 | D:3      | Gained mutation: You are slightly more attuned to the shadows. [demonic ancestry]
  1525 | D:3      | Reached XP level 4. HP: 29/39 MP: 5/5
  1606 | D:3      | Reached skill level 5 in Fighting
  1681 | D:3      | Reached ** piety under Lugonu
  1740 | D:3      | HP: 2/40 [gnoll/spear (7)]
  1741 | D:3      | Mangled by a gnoll

Skill      XL: |  1  2  3  4 |
---------------+-------------+-----
Fighting       | 4 5 |  5.3
Axes           | |  1.7
Armour         | |  1.7
Dodging        | |  0.8
Invocations    | |  2.4

Action                   |  1- 3 |  4- 6 || total
-------------------------+-------+-------++-------
Melee: Hand axe          |   119 |    45 ||   164
Invok: Depart the Abyss  |     1 |       ||     1
  Use: Potion            |     2 |       ||     2
       Scroll            |     3 |     2 ||     5
  Eat: Ration            |     1 |       ||     1
Armor: Leather armour    |     8 |       ||     8
       Scale mail        |    47 |    18 ||    65
Dodge: Dodged            |    92 |    28 ||   120
